 Dungeon Crawl Stone Soup version 0.26-a0-658-gbdda728c12 (webtiles) character file.

Game seed: 5532747883289942149

158417 lunkers the Gelid (level 17, -1/147 HPs)
             Began as a Demonspawn Ice Elementalist on Oct 2, 2020.
             Was the Champion of Vehumet.
             Hit by a javelin thrown by a merfolk javelineer (13 damage)
             ... on level 4 of the Shoals on Oct 4, 2020.
             The game lasted 01:20:58 (31477 turns).

lunkers the Gelid (Demonspawn Ice Elementalist)    Turns: 31477, Time: 01:20:59

Health: -1/147     AC: 10    Str: 10    XL:     17   Next: 14%
Magic:  33/33      EV: 12    Int: 33    God:    Vehumet [******]
Gold:   3753       SH:  5    Dex: 14    Spells: 8/40 levels left

rFire    + . .     SeeInvis +   a - +5 demon trident (drain)
rCold    + . .     Faith    .   C - +0 buckler
rNeg     . . .     Spirit   .   i - +0 troll leather armour
rPois    +         Reflect  .   s - +2 helmet
rElec    +         Harm     .   S - +0 cloak {MR+}
rCorr    .         Rampage  .   L - +1 pair of gloves "Jiemah" {rPois Int-4 Dex+5 SInv}
MR       ++++.                  (boots unavailable)
Stlth    ++........             V - amulet of Compulsion {RegenMP Fragile rElec Int+7 Stlth+}
HPRegen  0.74/turn              X - ring of Okawaru's Whim {+Fly MR++ Int+4 Dex-5}
MPRegen  0.48/turn              J - ring of protection from fire

@: about to teleport, marked
A: hooves 3, cold resistance 1, demonic guardian 2, powered by pain 2, freezing
cloud immunity, big brain 2
a: Renounce Religion, Evoke Flight


You were on level 4 of the Shoals.
You worshipped Vehumet.
Vehumet was exalted by your worship.
You visited 5 branches of the dungeon, and saw 27 of its levels.
You also visited: Bailey and Gauntlet.

You collected 4097 gold pieces.
You spent 344 gold pieces at shops.

Inventory:

Hand Weapons
 a - a +5 demon trident of draining (weapon)
 u - the +8 demon trident "Rift" {distort, reach+}
   (You found it on level 6 of the Lair of Beasts)

   It warps and distorts space around it.
   Unwielding it can cause banishment or high damage.
Armour
 i - a +0 troll leather armour (worn)
 s - a +2 helmet (worn)
 v - a +2 robe of the Archmagi
 C - a +0 buckler (worn)
 L - the +1 pair of gloves "Jiemah" (worn) {rPois Int-4 Dex+5 SInv}
   (You found it on level 8 of the Dungeon)

   It affects your intelligence (-4).
   It affects your dexterity (+5).
   It protects you from poison.
   It lets you see invisible.
 S - a +0 cloak of magic resistance (worn)
 U - a +0 kite shield
Jewellery
 y - the amulet of Aseclonu {RegenMP rF+}
   (You found it in a bailey)

   [amulet of magic regeneration]

   It increases your magic regeneration.
   It protects you from fire.
 A - an uncursed ring of magical power
 D - an uncursed ring of resist corrosion
 F - an uncursed ring of ice
 H - a +4 ring of protection {unknown}
 J - a ring of protection from fire (right hand)
 V - the amulet of Compulsion (around neck) {RegenMP Fragile rElec Int+7 Stlth+}
   (You found it in a Gauntlet)

   [amulet of magic regeneration]

   It increases your magic regeneration.
   It affects your intelligence (+7).
   It insulates you from electricity.
   It will be destroyed if unequipped.
   It makes you more stealthy.
 W - an uncursed ring of protection from cold
 X - the ring of Okawaru's Whim (left hand) {+Fly MR++ Int+4 Dex-5}
   (You found it in a Gauntlet)

   [ring of flight]

   It affects your intelligence (+4).
   It affects your dexterity (-5).
   It affects your resistance to hostile enchantments.
   It lets you fly.
Wands
 e - a wand of acid (4)
 k - a wand of digging (5)
 l - a wand of flame (71)
 n - a wand of polymorph (21)
 q - a wand of random effects (14)
 G - a wand of iceblast (26)
 N - a wand of enslavement (25)
 Z - a wand of disintegration (30)
Scrolls
 d - 8 scrolls of remove curse
 h - 11 scrolls of identify
 o - 2 scrolls of blinking
 r - 5 scrolls of teleportation
 t - 5 scrolls of amnesia
 w - a scroll of brand weapon
 x - 2 scrolls of fear
 K - a scroll of fog
 M - 7 scrolls of enchant armour
 P - 3 scrolls of enchant weapon
Potions
 b - 4 potions of mutation
 c - 2 potions of flight
 f - 2 potions of magic
 g - 14 potions of curing
 z - 6 potions of heal wounds
 B - 3 potions of brilliance
 E - 2 potions of stabbing
 I - 4 potions of haste
 O - 2 potions of cancellation
 Q - 4 potions of resistance
 R - 6 potions of might
Miscellaneous
 j - a phantom mirror
 p - a condenser vane (2/2)


   Skills:
 + Level 17.0 Fighting
 - Level 1.7 Dodging
 - Level 1.7 Stealth
 - Level 4.0 Shields
 - Level 12.0 Spellcasting
 * Level 19.4 Ice Magic


You had 8 spell levels left.
You knew the following spells:

 Your Spells              Type           Power        Failure   Level
b - Frozen Ramparts       Ice            ######       0%          3
c - Ozocubu's Armour      Ice            #######.     0%          3
d - Summon Ice Beast      Ice/Summ       ######..     1%          4
e - Ozocubu's Refrigerat  Ice            #######...   1%          6
f - Yara's Violent Unrav  Hex/Tmut       ###.......   22%         5
h - Absolute Zero         Ice            #######...   28%         9
o - Passwall              Tmut/Erth      ###.....     4%          2

Your spell library contained the following spells:

 Spells                   Type           Power        Failure   Level
 Chain Lightning          Conj/Air       ###.......   100%        8
 Fire Storm               Conj/Fire      ###.......   100%        9
 Freeze                   Ice            ####         0%          1
 Magic Dart               Conj           ###.         1%          1
 Sandblast                Erth           ###...       1%          1
 Shock                    Conj/Air       ###.         1%          1
 Hailstorm                Conj/Ice       ######..     1%          4
 Conjure Flame            Conj/Fire      ###.....     2%          3
 Inner Flame              Hex/Fire       ###.....     2%          3
 Mephitic Cloud           Conj/Pois/Air  ###.....     2%          3
 Static Discharge         Conj/Air       ###.....     2%          3
 Stone Arrow              Conj/Erth      ###...       2%          3
 Corona                   Hex            ###....      3%          1
 Blink                    Tloc           N/A          4%          2
 Call Imp                 Summ           ###.....     4%          2
 Slow                     Hex            ###.....     4%          2
 Swiftness                Air            ###.....     4%          2
 Airstrike                Air            ###.......   9%          4
 Gell's Gravitas          Tloc           ###.......   10%         3
 Lesser Beckoning         Tloc           ###.......   10%         3
 Portal Projectile        Hex/Tloc       ###...       10%         3
 Teleport Other           Tloc           ###.....     10%         3
 Lee's Rapid Deconstruct  Erth           ###.......   22%         5
 Lightning Bolt           Conj/Air       ###.......   22%         5
 Cause Fear               Hex            ###.......   30%         4
 Leda's Liquefaction      Hex/Erth       ###.......   30%         4
 Passage of Golubria      Tloc           N/A          30%         4
 Petrify                  Tmut/Erth      ###.....     30%         4


Dungeon Overview and Level Annotations

Branches:
Dungeon (14/15)            Temple (1/1) D:7            Lair (6/6) D:10
 Shoals (4/4) Lair:3       Spider (0/4) Lair:3        Slime (0/5) Lair:5
    Orc (2/2) D:11            Elf (0/3) Orc:2        Vaults (0/5) D:13
 Bailey (visited)         Gauntlet (visited)

Altars:
Ashenzari
Cheibriados
Dithmenos
Elyvilon
Fedhas
Gozag
Hepliaklqana
Kikubaaqudgha
Makhleb
Nemelex Xobeh
Okawaru
Qazlal
Ru
Sif Muna
Trog
Uskayaw
Vehumet
Wu Jian
Xom
Yredelemnul
Zin
The Shining One
Beogh

Shops:
D:4 ?   D:8 :   D:10 (=?[}   D:14 [   Orc:2 *}(}   Shoals:1 [

Annotations:
D:4 1 transporter, rz's ghost, amateur HaHu
Shoals:4 Roxanne


Innate Abilities, Weirdness & Mutations

You have hooves in place of feet.
Your flesh is cold resistant. (rC+)
A demonic guardian rushes to your aid.
You sometimes gain power by taking damage.
You are immune to freezing clouds.
You have an extremely huge brain. (Int +4)


Message History

Found 2 javelins and 23 arrows.
You see here 2 javelins.
You feel much better.
A harpy comes into view.
The merfolk throws a boomerang of dispersal.
You block the boomerang of dispersal.
A merfolk comes into view. It is wielding a +0 trident.
Okay, then.
Okay, then.
As you read the scroll of teleportation, it crumbles to dust.
You feel strangely unstable.
A harpy comes into view.
The harpy claws you!
* * * LOW HITPOINT WARNING * * *
The harpy barely misses you. The harpy misses you.
The harpy closely misses you.
The merfolk javelineer throws a javelin.
The javelin pierces through your soul eater but does no damage.
The javelin pierces through you!
You die...

....≈≈≈
.......
.....m.
..Hm..m
.......##
......H.#
≈......H#
#####≈≈≈
≈≈##..3H#
≈≈≈≈≈≈≈≈
≈≈...≈(@#
≈≈≈≈≈≈≈≈
≈≈≈≈≈≈.##
≈≈≈≈≈≈≈≈
≈≈≈≈≈≈#
≈≈≈≈≈≈≈≈
≈≈≈≈≈≈
≈≈≈≈≈≈≈≈
≈E≈≈≈≈
≈≈≈≈≈≈≈≈
≈≈≈≈≈
≈≈≈E≈≈≈≈
≈≈≈≈≈
≈≈≈≈≈≈≈≈
≈≈≈≈
≈≈≈≈≈≈≈


You could see a merfolk javelineer, 2 merfolk, a water elemental, 4 harpies and
a friendly soul eater (summoned).

Vanquished Creatures
  Polyphemus (Shoals:3)
  Gastronok (Orc:1)
  A kraken (Shoals:4)
  Ilsuiw (Shoals:3)
  An orc warlord (Orc:1)
  A minotaur (Gauntlet)
  4 merfolk javelineers
  9 merfolk impalers
  Harold (Orc:1)
  Erolcha (D:13)
  2 merfolk avatars (Shoals:2)
  A boulder beetle (Lair:6)
  2 hydras
  3 centaur warriors
  A satyr (Shoals:3)
  2 dancing weapons (D:13)
  3 merfolk aquamancers
  13 two-headed ogres
  A tengu warrior (D:13)
  A deep troll shaman (Lair:6)
  2 alligator snapping turtles (Shoals:4)
  3 catoblepae
  5 ogre magi
  13 death yaks
  3 orc high priests
  A fire crab (Gauntlet)
  6 sea snakes
  2 unseen horrors
  2 lindwurms
  16 harpies
  2 deep elf magi
  A wolf spider zombie (D:13)
  8 manticores
  4 fauns (Shoals:3)
  2 orc knights
  5 ugly things
  An orc sorcerer (Orc:2)
  5 oklob plants (Lair:5)
  3 cyclopes (Shoals:1)
  3 elephants (Lair:6)
  8 merfolk sirens
  A guardian serpent (D:12)
  2 gargoyles
  A torpor snail (Lair:6)
  3 black mambas
  A centaur skeleton (D:14)
  7 water nymphs
  3 kobold demonologists (D:13)
  10 cane toads
  8 komodo dragons
  A minotaur zombie (Gauntlet)
  A rime drake (Lair:2)
  40 merfolk
  4 wind drakes
  A ghost (shapeshifter) (D:14)
  7 trolls
  A polar bear (Lair:6)
  4 hornets
  22 blink frogs
  27 dream sheep
  12 slime creatures
  3 snapping turtles
  5 shadows (Gauntlet)
  Sigmund (D:5)
  10 water elementals
  4 hogs (Lair:6)
  A wraith (D:14)
  A human (Lair:6)
  30 yaks
  5 wyverns
  3 basilisks
  2 fire bats (Gauntlet)
  4 vampire mosquitoes (D:12)
  11 wargs
  2 soldier ants
  8 water moccasins
  A removed porcupine (Lair:1)
  2 sky beasts
  47 orc warriors
  5 ice beasts
  36 ogres
  18 wolves
  A black bear (Lair:6)
  An eye of draining (D:13)
  27 centaurs
  A boggart (D:14)
  2 big kobolds
  A ghost (Lair:2)
  Blork the orc (D:4)
  13 bullfrogs
  6 scorpions
  3 killer bees (D:11)
  A howler monkey (D:6)
  11 wights
  3 bullfrog zombies
  A quasit (D:10)
  A centaur zombie (D:9)
  9 hounds
  17 orc priests
  A gnoll shaman (D:5)
  3 jellies
  26 orc wizards
  Jessica (D:2)
  3 iguanas
  Natasha (thrice) (D:2)
  4 worker ants
  A howler monkey skeleton (D:7)
  7 gnolls
  13 adders
  A shadow imp (D:5)
  4 white imps
  An ufetubus (D:5)
  An ooze (D:3)
  An adder zombie (D:7)
  4 worms
  3 dart slugs
  4 leopard geckos
  113 orcs
  3 ball pythons
  6 giant cockroaches
  5 goblins
  4 hobgoblins
  14 jackals
  4 quokkas
  A ball python skeleton (D:4)
  8 bats
  9 frilled lizards
  A jackal skeleton (D:8)
  24 kobolds
  A leopard gecko skeleton (D:6)
  A leopard gecko zombie (D:7)
  A quokka skeleton (D:4)
  5 rats
  3 bushes
  A butterfly (Lair:5)
884 creatures vanquished.

Vanquished Creatures (collateral kills)
  Saint Roka (Orc:2)
  Kirke (Lair:6)
  A merfolk impaler (Shoals:2)
  2 hydras (Lair:1)
  A merfolk avatar (Shoals:4)
  A two-headed ogre (Orc:2)
  A skeletal warrior (D:14)
  A sixfirhy (Gauntlet)
  Pikel (D:6)
  2 orc knights (Orc:1)
  An orb spider (Lair:3)
  5 oklob plants
  Maurice (D:8)
  An eye of devastation (D:13)
  A torpor snail (Lair:4)
  6 cane toads
  A komodo dragon (Lair:1)
  A tengu conjurer (D:9)
  A meliai (D:9)
  A troll (Orc:2)
  A wind drake (Lair:3)
  11 blink frogs
  Prince Ribbit (D:7)
  6 dream sheep
  A shadow (Gauntlet)
  11 yaks
  A hog (Lair:6)
  Edmund (D:5)
  A water moccasin (Lair:2)
  3 nameless horrors
  A removed porcupine (Lair:2)
  3 orc warriors
  A black bear (D:7)
  A phantom (D:8)
  A sky beast (D:5)
  An ogre (D:4)
  5 wolves
  2 centaurs
  3 lemures (D:6)
  A removed crocodile (Lair:2)
  A big kobold (D:10)
  3 bullfrogs
  4 wights
  A bullfrog zombie (D:9)
  An orc priest (D:3)
  2 orc wizards (D:7)
  An adder (D:10)
  A white imp (D:6)
  4 ufetubi (Gauntlet)
  6 orcs
  A giant cockroach (D:8)
  A jackal (D:5)
  2 kobolds (D:10)
115 creatures vanquished.

Vanquished Creatures (others)
  A human (Lair:6)
  68 fungi
  164 plants
  4 tentacles (Shoals:4)
237 creatures vanquished.

Grand Total: 1236 creatures vanquished

Notes
Turn   | Place    | Note
-------+----------+-------------------------------------------
     0 | D:1      | lunkers the Demonspawn Ice Elementalist began the quest for
                  | the Orb.
     0 | D:1      | Reached XP level 1. HP: 13/13 MP: 3/3
   421 | D:1      | Gained mutation: You have large cloven feet. [demonic
                  | ancestry]
   421 | D:1      | Reached XP level 2. HP: 19/19 MP: 3/5
   619 | D:1      | Reached skill level 4 in Ice Magic
   907 | D:2      | Found a bloodstained altar of Trog.
  1108 | D:2      | Noticed Natasha
  1113 | D:2      | Killed Natasha
  1113 | D:2      | Gained mutation: You have an unusually large brain. (Int
                  | +2) [demonic ancestry]
  1113 | D:2      | Reached XP level 3. HP: 22/24 MP: 1/6
  1238 | D:2      | Noticed Natasha
  1247 | D:2      | Killed Natasha
  1247 | D:2      | Gained mutation: You have an extremely huge brain. (Int +4)
                  | [demonic ancestry]
  1247 | D:2      | Reached XP level 4. HP: 12/30 MP: 3/8
  1489 | D:2      | Noticed Jessica
  1493 | D:2      | Killed Jessica
  1517 | D:2      | Noticed Natasha
  1524 | D:2      | Killed Natasha
  1524 | D:2      | Reached skill level 5 in Ice Magic
  1777 | D:2      | Found a hazy altar of Hepliaklqana.
  1908 | D:2      | Gained mutation: A weak demonic guardian rushes to your
                  | aid. [demonic ancestry]
  1908 | D:2      | Reached XP level 5. HP: 9/35 MP: 3/9
  2267 | D:2      | Learned a level 3 spell: Frozen Ramparts
  2271 | D:2      | Learned a level 3 spell: Ozocubu's Armour
  3517 | D:3      | Found a faded altar of an unknown god.
  3672 | D:4      | Noticed Blork the orc
  3681 | D:4      | Killed Blork the orc
  3681 | D:4      | Reached skill level 6 in Ice Magic
  3681 | D:4      | Gained mutation: A demonic guardian rushes to your aid.
                  | [demonic ancestry]
  3681 | D:4      | Reached XP level 6. HP: 12/41 MP: 4/11
  3994 | D:4      | Found Rineg's Magic Scroll Shoppe.
  4207 | D:4      | Reached XP level 7. HP: 41/46 MP: 10/13
  4533 | D:4      | Found a transporter.
  4535 | D:4      | Noticed rz's ghost (amateur HaHu)
  4537 | D:4      | Identified the +8 dire flail of Intimidation {vorpal,
                  | Int+3}
  4586 | D:5      | Entered Level 5 of the Dungeon
  4941 | D:5      | Reached skill level 7 in Ice Magic
  5914 | D:5      | Reached skill level 5 in Spellcasting
  6287 | D:5      | Gained mutation: You have hoof-like feet. [demonic
                  | ancestry]
  6287 | D:5      | Reached XP level 8. HP: 28/52 MP: 11/15
  6357 | D:5      | Reached skill level 8 in Ice Magic
  6638 | D:5      | Noticed Edmund
  6648 | D:5      | Noticed Sigmund
  6653 | D:5      | Killed Sigmund
  7156 | D:5      | Killed Edmund
  7322 | D:6      | Noticed Pikel
  7334 | D:6      | Killed Pikel
  7334 | D:6      | Reached skill level 9 in Ice Magic
  7466 | D:6      | Found an ancient bone altar of Kikubaaqudgha.
  7863 | D:6      | Gained mutation: You sometimes gain a little power by
                  | taking damage. [demonic ancestry]
  7863 | D:6      | Reached XP level 9. HP: 54/57 MP: 14/18
  8006 | D:6      | Found a shimmering blue altar of Sif Muna.
  8095 | D:6      | Learned a level 4 spell: Summon Ice Beast
  8268 | D:7      | Found a sparkling altar of Nemelex Xobeh.
  8498 | D:7      | Found a staircase to the Ecumenical Temple.
  8523 | Temple   | Entered the Ecumenical Temple
  8766 | Temple   | Became a worshipper of Vehumet
  8898 | D:7      | Reached skill level 1 in Fighting
  9067 | D:7      | Found a blossoming altar of Fedhas.
  9072 | D:7      | Noticed Prince Ribbit
  9081 | D:7      | Killed Prince Ribbit
  9270 | D:7      | Reached skill level 10 in Ice Magic
 10138 | D:8      | Found Omi Lemn's Book Shop.
 10279 | D:8      | Found a white marble altar of Elyvilon.
 10627 | D:8      | Noticed an ogre mage
 10632 | D:8      | Reached * piety under Vehumet
 10632 | D:8      | Offered knowledge of Magic Dart by Vehumet.
 10644 | D:8      | Killed an ogre mage
 10692 | D:8      | Got a pair of faintly glowing gloves
 10703 | D:8      | Identified the +1 pair of gloves "Jiemah" {rPois Int-4
                  | Dex+5 SInv} (You found it on level 8 of the Dungeon)
 10778 | D:8      | Gained mutation: You sometimes gain power by taking damage.
                  | [demonic ancestry]
 10778 | D:8      | Reached XP level 10. HP: 55/71 MP: 19/21
 10864 | D:8      | Noticed Maurice
 10908 | D:8      | Killed Maurice
 10908 | D:8      | Reached skill level 11 in Ice Magic
 11719 | D:9      | Reached ** piety under Vehumet
 11719 | D:9      | Offered knowledge of Sandblast by Vehumet.
 11723 | D:9      | Reached skill level 5 in Fighting
 11727 | D:9      | Killed an unseen horror
 11835 | D:9      | Found a stormy altar of Qazlal.
 11849 | D:9      | Paralysed by a hornet for 2 turns
 12181 | D:9      | Got a fine dagger
 12182 | D:9      | Identified the +0 dagger of Healli {antimagic, Dex+7} (You
                  | found it on level 9 of the Dungeon)
 12302 | D:9      | Noticed a two-headed ogre
 12304 | D:9      | Reached skill level 12 in Ice Magic
 12312 | D:9      | Killed a two-headed ogre
 12411 | D:9      | Found a glowing golden altar of the Shining One.
 12589 | D:10     | Entered Level 10 of the Dungeon
 12589 | D:10     | Found a staircase to the Lair.
 12589 | D:10     | Found Kuuwul's Magic Scroll Boutique.
 12596 | D:10     | Offered knowledge of Dazzling Flash by Vehumet.
 12742 | D:10     | Found Osuuk's Jewellery Emporium.
 12744 | D:10     | Found Weic's Antique Weapon Shop.
 12766 | D:10     | Reached *** piety under Vehumet
 12771 | D:10     | Gained mutation: Your flesh is cold resistant. (rC+)
                  | [demonic ancestry]
 12771 | D:10     | Reached XP level 11. HP: 19/81 MP: 23/23
 13131 | D:10     | Found Beinlan's Gadget Shoppe.
 13147 | D:10     | Found Joelyob's Antique Armour Shop.
 13150 | D:10     | Bought a pitted chain mail for 209 gold pieces
 13160 | D:10     | Identified the cursed +0 chain mail "Qylluir" {+Blink rElec
                  | Str-4 Int+4} (You bought it in a shop on level 10 of the
                  | Dungeon)
 13506 | Lair:1   | Entered Level 1 of the Lair of Beasts
 13506 | Lair:1   | Noticed a four-headed hydra
 13518 | Lair:1   | Killed a five-headed hydra
 13844 | Lair:1   | Noticed a five-headed hydra
 13852 | Lair:1   | Killed a five-headed hydra
 14078 | Lair:1   | Found an ancient bone altar of Kikubaaqudgha.
 14259 | Lair:1   | Offered knowledge of Airstrike by Vehumet.
 15122 | Lair:2   | Found a gate leading to a gauntlet.
 15128 | Lair:2   | Noticed an oklob plant
 15128 | Lair:2   | Noticed an oklob plant
 15128 | Lair:2   | Noticed an oklob plant
 15128 | Lair:2   | Noticed an oklob plant
 15132 | Lair:2   | Reached skill level 13 in Ice Magic
 15133 | Gauntlet | Entered a Gauntlet
 15133 | Gauntlet | Found a transporter.
 15133 | Gauntlet | Found a transporter.
 15135 | Gauntlet | Found a transporter.
 15136 | Gauntlet | Noticed a fire crab
 15138 | Gauntlet | Found a transporter.
 15139 | Gauntlet | Found a transporter.
 15139 | Gauntlet | Found a transporter.
 15141 | Gauntlet | Noticed a sixfirhy
 15172 | Gauntlet | Found a transporter.
 15176 | Gauntlet | Found a transporter.
 15192 | Gauntlet | Found a transporter.
 15203 | Gauntlet | Found a runed translucent door.
 15207 | Gauntlet | Found a transporter.
 15208 | Gauntlet | Noticed a large abomination
 15220 | Gauntlet | Found a transporter.
 15224 | Gauntlet | Found a transporter.
 15271 | Gauntlet | Killed a fire crab
 15275 | Gauntlet | Got a crude bronze ring
 15279 | Gauntlet | Identified the ring of Okawaru's Whim {+Fly MR++ Int+4
                  | Dex-5} (You found it in a Gauntlet)
 15361 | Gauntlet | Killed a sixfirhy
 15365 | Gauntlet | Got a sparkling ruby amulet
 15370 | Gauntlet | Identified the amulet of Obsession {Reflect rF- Int+5 SH+5}
                  | (You found it in a Gauntlet)
 15405 | Gauntlet | Reached **** piety under Vehumet
 15464 | Gauntlet | Got a coiled tin amulet
 15534 | Gauntlet | Noticed a minotaur
 15541 | Gauntlet | Killed a minotaur
 15568 | Gauntlet | Offered knowledge of Iskenderun's Mystic Blast by Vehumet.
 15610 | Lair:2   | Upgraded the game from 0.26-a0-652-gafc20e3620 to
                  | 0.26-a0-658-gbdda728c12
 15967 | Lair:2   | Reached XP level 12. HP: 71/92 MP: 22/25
 16066 | Lair:2   | Identified the amulet of Compulsion {RegenMP Fragile rElec
                  | Int+7 Stlth+} (You found it in a Gauntlet)
 16070 | Lair:2   | Learned a level 2 spell: Passwall
 16423 | Lair:2   | Reached skill level 10 in Spellcasting
 16712 | Lair:3   | Reached skill level 14 in Ice Magic
 16880 | Lair:3   | Found a hole to the Spider Nest.
 16955 | Lair:3   | Found a staircase to the Shoals.
 16969 | Lair:3   | Reached ***** piety under Vehumet
 16977 | Lair:3   | Offered knowledge of Ozocubu's Refrigeration by Vehumet.
 16985 | Lair:3   | Learned a level 6 spell: Ozocubu's Refrigeration
 17116 | Lair:3   | Reached skill level 1 in Shields
 17379 | Lair:3   | Noticed a catoblepas
 17382 | Lair:3   | Killed a catoblepas
 17908 | Lair:4   | Found a glowing golden altar of the Shining One.
 18291 | Lair:4   | Got a twisted robe
 18322 | Lair:4   | Identified the +1 robe of Dithmenos's Outrage {Str+6 Dex+3
                  | Stlth+} (You found it on level 4 of the Lair of Beasts)
 19096 | Lair:5   | Gained mutation: You have hooves in place of feet. [demonic
                  | ancestry]
 19096 | Lair:5   | Reached XP level 13. HP: 103/103 MP: 21/27
 19129 | Lair:5   | Reached skill level 10 in Fighting
 20149 | Lair:5   | Reached skill level 15 in Ice Magic
 20342 | Lair:5   | Found a staircase to the Slime Pits.
 20514 | Lair:6   | Entered Level 6 of the Lair of Beasts
 20527 | Lair:6   | Noticed Kirke
 20540 | Lair:6   | Killed Kirke
 20738 | Lair:6   | Identified a scroll of acquirement
 20738 | Lair:6   | Acquired 617 gold pieces
 21392 | Lair:6   | Reached skill level 16 in Ice Magic
 21402 | Lair:6   | Reached XP level 14. HP: 116/116 MP: 21/28
 21961 | Lair:6   | Found the +8 demon trident "Rift" {distort, reach+}
 21998 | Lair:6   | Offered knowledge of Irradiate by Vehumet.
 22371 | D:11     | Found a roughly hewn altar of Beogh.
 22386 | D:11     | Got a faintly glowing amethyst amulet
 22460 | D:11     | Found a flagged portal.
 22481 | Bailey   | Entered a bailey
 22739 | Bailey   | Got a sparkling graven amulet
 23123 | D:11     | Offered knowledge of Freezing Cloud by Vehumet.
 23344 | D:11     | Identified the amulet of Aseclonu {RegenMP rF+} (You found
                  | it in a bailey)
 23502 | D:11     | Found a staircase to the Orcish Mines.
 23665 | Orc:1    | Entered Level 1 of the Orcish Mines
 23665 | Orc:1    | Noticed Gastronok
 23671 | Orc:1    | Killed Gastronok
 23673 | Orc:1    | Reached ****** piety under Vehumet
 23702 | Orc:1    | Noticed an orc warlord
 23773 | Orc:1    | Killed an orc warlord
 23773 | Orc:1    | Reached skill level 17 in Ice Magic
 23852 | Orc:1    | Noticed Harold
 23855 | Orc:1    | Killed Harold
 24124 | Orc:1    | Found a radiant altar of Vehumet.
 24291 | Orc:2    | Entered Level 2 of the Orcish Mines
 24291 | Orc:2    | Found a staircase to the Elven Halls.
 24329 | Orc:2    | Offered knowledge of Orb of Destruction by Vehumet.
 24654 | Orc:2    | Reached XP level 15. HP: 111/127 MP: 19/29
 24658 | Orc:2    | Found Velafor's Gadget Emporium.
 24658 | Orc:2    | Found Ysihimar's Assorted Antiques.
 24658 | Orc:2    | Noticed Saint Roka
 24670 | Orc:2    | Killed Saint Roka
 24670 | Orc:2    | Reached skill level 15 in Fighting
 24679 | Orc:2    | Offered knowledge of Yara's Violent Unravelling by Vehumet.
 24683 | Orc:2    | Found Eshruleu's Gadget Shop.
 24683 | Orc:2    | Found Omedgh's Weapon Emporium.
 24703 | Orc:2    | Bought a potion of heal wounds for 135 gold pieces
 25038 | Orc:2    | Learned a level 5 spell: Yara's Violent Unravelling
 25138 | D:12     | Identified the amulet "Supsihyd" {Acrobat +Inv Str+3 Dex+2}
                  | (You found it on level 11 of the Dungeon)
 25209 | D:12     | You fall into a shaft and drop 2 floors!
 25211 | D:14     | Found Nustruvou's Antique Armour Shoppe.
 25686 | D:13     | Found a gate to the Vaults.
 26646 | D:13     | Offered knowledge of Spellforged Servitor by Vehumet.
 26734 | D:13     | Noticed Nessos
 26751 | D:13     | Noticed Nessos
 26751 | D:13     | Nessos changed into Nessos the eye of devastation
 26761 | D:13     | Killed Nessos the eye of devastation
 27010 | D:13     | Noticed Erolcha
 27013 | D:13     | Reached skill level 18 in Ice Magic
 27014 | D:13     | Killed Erolcha
 27642 | Shoals:1 | Entered Level 1 of the Shoals
 28010 | Shoals:1 | Found Ycvaojak's Antique Armour Emporium.
 28020 | Shoals:1 | Reached XP level 16. HP: 137/137 MP: 27/30
 28028 | Shoals:1 | Offered knowledge of Lehudib's Crystal Spear by Vehumet.
 30084 | Shoals:3 | Got a pitted ring mail
 30087 | Shoals:3 | Identified the +2 ring mail "Qiziciof" {Harm rPois rC++
                  | Stlth-} (You found it on level 3 of the Shoals)
 30117 | Shoals:3 | Offered knowledge of Fire Storm by Vehumet.
 30117 | Shoals:3 | Offered knowledge of Chain Lightning by Vehumet.
 30117 | Shoals:3 | Offered knowledge of Absolute Zero by Vehumet.
 30131 | Shoals:3 | Learned a level 9 spell: Absolute Zero
 30164 | Shoals:3 | Noticed Polyphemus
 30175 | Shoals:3 | Killed Polyphemus
 30351 | Shoals:3 | Noticed Ilsuiw
 30414 | Shoals:3 | Killed Ilsuiw
 30626 | Shoals:3 | Reached skill level 19 in Ice Magic
 31068 | Shoals:4 | Entered Level 4 of the Shoals
 31068 | Shoals:4 | Noticed Roxanne
 31108 | Shoals:4 | Noticed a kraken
 31111 | Shoals:4 | Killed a kraken
 31182 | Shoals:4 | Gained mutation: You are immune to freezing clouds.
                  | [demonic ancestry]
 31182 | Shoals:4 | Reached XP level 17. HP: 103/146 MP: 25/33
 31344 | Shoals:4 | Identified the +3 shortbow of Sin {freeze, rN+ Str+3 Int+3}
 31474 | Shoals:4 | HP: 7/147 [merfolk javelineer/javelin (18)]
 31477 | Shoals:4 | Hit by a javelin thrown by a merfolk javelineer

Illustrated notes

Levels and vault maps discovered:
D:1:      heliophobic_arrival_henge, layout_basic
D:2:      layout_loops_ring, marbit_many_paths, trog_three_pillars_becter,
          uniq_natasha, uniq_jessica
D:3:      layout_loops_corners, chequers_ecumenical_altar_lobes
D:4:      layout_loops_ring, gammafunk_ghost_smash, serial_shops, shop,
          st_stairs_14, uniq_blork_the_orc
D:5:      layout_basic, sigmund_edmund_badplayer, uniq_edmund
D:6:      layout_cave_pools, old_standard_altar, led_sif_pool,
          serial_column_ruins, column_ruins_columns_corner,
          column_ruins_open_tiny, column_ruins_columns_straight, uniq_pikel
D:7:      layout_layer_cave, overflow_temple_1_default,
          nemelex_xobeh_ov_fountains_minmay, minmay_temple_entry_gardened_gates,
          hangedman_decor_clover_reticule, uniq_prince_ribbit1
D:8:      minmay_the_grid_four_pointed_star [minmay_the_grid_triangle_9x9_steps,
          minmay_the_grid_triangle_9x9_intruding_spiral,
          minmay_the_grid_triangle_9x9_cache,
          minmay_the_grid_triangle_9x9_limited_checkers,
          minmay_the_grid_prize_big_room], layout_basic, elyvilon_altar_4,
          serial_shops, shop, uniq_maurice
D:9:      layout_rooms, lemuel_round_altar, nicolae_tso_carved_into_rock,
          minivault_28
D:10:     layout_rooms, lair_entry_dummy, serial_shops, nicolae_shop_stone,
          shop, nicolae_shop_statue_plus, kennysheep_mini_moat, shop,
          nrook_mini_vaults
D:11:     layout_roguey [special_room_orc], enter_bailey_6
D:12:     layout_basic, nrook_guardian_serpent_double
D:13:     layout_grid_maze, erik_vaults_1, uniq_nessos, uniq_erolcha
D:14:     layout_rooms, serial_shops, shop, serial_bayou_pond_d
Temple:   minmay_temple_curvy_branch
Lair:1:   layout_gridlike, basic_altar, minivault_19, serial_bayou_shore_b
Lair:2:   layout_regular_city, gauntlet_entry_generic, minmay_lair_oklob_chamber
Lair:3:   layout_misc_corridors, minmay_shoals_entry_beasts,
          nicolae_spider_entry_orb_guardian, beast_lair_carwin_9,
          serial_bayou_shore_b, serial_bayou_shore_b
Lair:4:   layout_layer_cave, basic_altar, serial_bayou_shore_b
Lair:5:   layout_regular_city, minmay_slime_entry_oklob_enclosed,
          eino_small_chamber_without_monster, st_stairs_4, lemuel_fruit_fields,
          lemuel_fruit_fields
Lair:6:   grunt_lair_end_beastmaster, layout_cave_pods, uniq_kirke
Shoals:1: layout_shoals, serial_shops, shop, nicolae_shoals_flooded_hall
Shoals:2: layout_shoals
Shoals:3: layout_shoals, uniq_ilsuiw, uniq_polyphemus
Shoals:4: shoals_end_hangedman, layout_shoals, lemuel_centaur_altar,
          uniq_roxanne
Orc:1:    layout_diamond_mine, basic_altar, special_room [special_room_orc],
          uniq_harold, uniq_gastronok
Orc:2:    st_orc_ogre_mass, layout_caves, uniq_saint_roka

Skill      XL: |  1  2  3  4  5  6  7  8  9 10 11 12 13 14 15 16 17 |
---------------+----------------------------------------------------+-----
Ice Magic      | 4 5 6 7 9 10 12 13 14 16 17 18 19 | 19.4
Spellcasting   | 3 4 5 6 7 8 9 10 12 | 12.0
Fighting       | 3 5 7 9 12 14 15 16 17 | 17.0
Shields        | 4 |  4.0
Dodging        | |  1.7
Stealth        | |  1.7

Action                   |  1- 3 |  4- 6 |  7- 9 | 10-12 | 13-15 | 16-18 || total
-------------------------+-------+-------+-------+-------+-------+-------++-------
Melee: Dagger            |       |     5 |    81 |       |       |       ||    86
       Kick              |       |     2 |    34 |    79 |    57 |       ||   172
       Short sword       |       |       |    50 |   157 |       |       ||   207
       Scimitar          |       |       |       |   170 |   165 |       ||   335
       Demon trident     |       |       |       |       |       |    16 ||    16
 Cast: Freeze            |    33 |    60 |   100 |    14 |       |       ||   207
       Frozen Ramparts   |       |     4 |    21 |    33 |     3 |       ||    61
       Ozocubu's Armour  |       |       |     7 |    11 |     2 |       ||    20
       Summon Ice Beast  |       |       |     6 |    64 |       |       ||    70
       Ozocubu's Refrige |       |       |       |    40 |   288 |   175 ||   503
Evoke: Wand              |       |       |     5 |       |     3 |       ||     8
       Phantom mirror    |       |       |       |       |     1 |     1 ||     2
       Condenser vane    |       |       |       |       |       |     1 ||     1
  Use: Scroll            |       |       |    14 |    14 |     7 |     5 ||    40
       Potion            |       |       |       |     4 |       |     2 ||     6
 Stab: Sleeping          |       |       |     2 |     1 |       |       ||     3
       Distracted        |       |       |       |     1 |       |       ||     1
Armor: Robe              |     2 |     8 |    67 |    17 |       |       ||    94
       Troll leather arm |       |       |       |   123 |    80 |    20 ||   223
Dodge: Dodged            |    13 |    34 |   125 |   221 |   136 |    32 ||   561
Block: Other             |       |     1 |    40 |    81 |       |       ||   122
       Reflection        |       |       |     2 |     2 |       |       ||     4
       Kite shield       |       |       |       |     6 |    78 |       ||    84
       Buckler           |       |       |       |       |    40 |    17 ||    57
       Rpst.: Scimitar   |       |       |       |    41 |    32 |     1 ||    74

Table legend: (Time is in decaauts)
 A = Elapsed time spent in this place.
 B = Non-inter-level travel time spent in this place.
 C = Inter-level travel time spent in this place.
 D = Time resting spent in this place.
 E = Time spent auto-exploring this place.
 F = Levels seen in this place.
 G = Mean time per level.
                   A        B        C        D        E       F      G
               +--------+--------+--------+--------+--------+-----+--------+
         Total |  31945 |  30426 |   1519 |   2249 |  22531 |  29 | 1101.6 |
       Dungeon |  16749 |  15913 |    836 |   1107 |  12121 |  14 | 1196.4 |
        Temple |    286 |    261 |     25 |      0 |    243 |   1 |  286.0 |
          Lair |   8499 |   8032 |    467 |    483 |   6332 |   6 | 1416.5 |
        Shoals |   4066 |   3932 |    134 |    500 |   2731 |   4 | 1016.5 |
  Orcish Mines |   1364 |   1308 |     56 |     14 |    919 |   2 |  682.0 |
        Bailey |    500 |    500 |      0 |      0 |    178 |   1 |  500.0 |
      Gauntlet |    479 |    479 |      0 |    145 |      7 |   1 |  479.0 |
               +--------+--------+--------+--------+--------+-----+--------+

Top non-repeatable levels by time:
     D:5: 1931 daAuts
     D:4: 1832 daAuts
     D:7: 1734 daAuts
  Lair:6: 1600 daAuts
  Lair:5: 1598 daAuts
     D:8: 1588 daAuts
     D:2: 1569 daAuts
  Lair:2: 1421 daAuts
  Lair:4: 1390 daAuts
Shoals:1: 1378 daAuts
  Lair:1: 1331 daAuts
    D:13: 1305 daAuts
     D:3: 1197 daAuts
Shoals:2: 1196 daAuts
  Lair:3: 1157 daAuts
